 Dungeon Crawl Stone Soup version 0.30-a0-1082-g70414cbcbb (webtiles) character file.

Game seed: 14345368201342993972

14402 Gynju the Severer (level 12, -1/105 HPs)
             Began as a Hill Orc Fighter on Apr 15, 2023.
             Was an Elder of Okawaru.
             Slain by an orc warrior
             ... wielding a +0 trident
              (4 damage)
             ... on level 11 of the Dungeon.
             The game lasted 00:18:01 (10950 turns).

Gynju the Severer (Hill Orc Fighter)               Turns: 10950, Time: 00:18:01

Health: -1/105     AC: 17    Str: 24    XL:     12   Next: 16%
Magic:  12/12      EV: 11    Int:  8    God:    Okawaru [****..]
Gold:   803        SH:  0    Dex: 10    Spells: 11/11 levels left

rFire   + . .      SeeInvis +    d - +4 executioner's axe
rCold   . . .      Faith    .    (shield currently unavailable)
rNeg    . . .      Spirit   .    B - +3 ring mail of Ejeu {Fly}
rPois   +          Reflect  .    m - +0 helmet
rElec   .          Rampage  .    w - +1 cloak
rCorr   .                        K - +1 pair of gloves of the Stone Wall {rF+}
Will    .....                    G - +0 pair of boots Stlth
                                 s - amulet of magic regeneration
HPRegen 0.37/turn                o - ring of see invisible
MPRegen 0.53/turn                u - ring of poison resistance

@: flying
A: no striking features
a: Renounce Religion, Convert to Beogh, Heroism, Finesse


You were on level 11 of the Dungeon.
You worshipped Okawaru.
Okawaru was greatly pleased with you.
You visited 2 branches of the dungeon, and saw 12 of its levels.
You also visited: Bailey.

You collected 803 gold pieces.

Inventory:

Hand Weapons
 a - a +1 war axe of freezing
 d - a +4 executioner's axe (weapon)
Missiles
 C - a throwing net
 E - 2 datura-tipped darts (quivered)
Armour
 m - a +0 helmet (worn)
 w - a +1 cloak (worn)
 B - the +3 ring mail of Ejeu (worn) {Fly}
   (You found it on level 4 of the Dungeon)

   Fly:       It grants you flight.
 G - a +0 pair of boots (worn)
 K - the +1 pair of gloves of the Stone Wall (worn) {rF+}
   (You found it on level 9 of the Dungeon)

   rF:        It protects you from fire.
 L - a +2 buckler
 N - a +0 kite shield
Jewellery
 o - a ring of see invisible (left hand)
 s - an amulet of magic regeneration (around neck)
 u - a ring of poison resistance (right hand)
 y - a ring of ice
Wands
 c - a wand of mindburst (9)
 D - a wand of paralysis (5)
 M - a wand of digging (1)
Scrolls
 g - 8 scrolls of teleportation
 i - 4 scrolls of blinking
 j - a scroll of torment
 k - 2 scrolls of poison
 p - 4 scrolls of enchant weapon
 v - a scroll of immolation
 A - a scroll of enchant armour
 F - 4 scrolls of fear
 H - a scroll of brand weapon
 I - 4 scrolls of identify {@r1}
 J - a scroll of silence
Potions
 b - 2 potions of cancellation {unknown}
 e - 5 potions of lignification
 f - 3 potions of resistance
 h - 3 potions of berserk rage
 l - 3 potions of degeneration {unknown}
 n - 7 potions of curing {@q1}
 q - 4 potions of attraction
 r - 5 potions of mutation
 t - 3 potions of heal wounds {unknown}
 x - 2 potions of flight {unknown}
 z - 3 potions of haste {unknown}


   Skills:
 + Level 9.6 Fighting
 * Level 18.4 Axes
 + Level 8.8 Armour
 + Level 2.0 Dodging
 + Level 8.8 Shields


You had 11 spell levels left.
You didn't know any spells.
Your spell library contained the following spells:

 Spells                   Type           Power      Damage    Failure   Level
 Beastly Appendage        Tmut           0%         N/A       54%         1
 Freeze                   Ice            0%         1d3       54%         1
 Sting                    Tmut/Pois      0%         1d3       54%         1
 Cigotuvi's Dreadful Rot  Necr/Pois/Air  0%         N/A       67%         2
 Poisonous Vapours        Pois/Air       0%         N/A       67%         2
 Sublimation of Blood     Necr           0%         N/A       67%         2
 Wereblood                Tmut           0%         N/A       67%         2
 Frozen Ramparts          Ice            0%         1d1       88%         3
 Hailstorm                Conj/Ice       0%         3d3       88%         3
 Ignite Poison            Fire/Tmut/Pois 0%         N/A       88%         3
 Spider Form              Tmut/Pois      0%         N/A       88%         3
 Olgreb's Toxic Radiance  Pois           0%         N/A       99%         4
 Petrify                  Tmut/Erth      0%         N/A       99%         4
 Freezing Cloud           Conj/Ice/Air   0%         6-21      100%        5
 Irradiate                Conj/Tmut      0%         3d11      100%        5


Dungeon Overview and Level Annotations

Branches:
Dungeon (11/15)            Temple (1/1) D:5            Lair (0/5) D:11
    Orc (0/2) D:10         Bailey (visited)

Altars:
Ashenzari
Cheibriados
Dithmenos
Elyvilon
Fedhas
Gozag
Hepliaklqana
Kikubaaqudgha
Okawaru
Qazlal
Ru
Sif Muna
Trog
Uskayaw
Vehumet
Wu Jian
Xom
Zin
The Shining One

Annotations:
D:6 1 runed translucent door, tish's ghost, novice OpTm


Message History

A boulder beetle comes into view.
The boulder beetle curls into a ball and begins rolling!
The orc priest casts a cantrip, but nothing happens.
The orc priest looks satisfied for a moment.
The orc priest looks encouraged for a moment.
The boulder beetle hits you.
The boulder beetle stops rolling and uncurls.
The boulder beetle curls into a ball and begins rolling!
The boulder beetle hits you!
The boulder beetle stops rolling and uncurls.
The boulder beetle attacks as you move away!
The boulder beetle misses you.
The boulder beetle leaps!
The boulder beetle curls into a ball and begins rolling!
The orc priest begins to cast a cantrip, but forgets the words!
The boulder beetle closely misses you.
The boulder beetle stops rolling and uncurls.
You barely miss the boulder beetle. The boulder beetle bites you!
* * * LOW HITPOINT WARNING * * *
You slice the boulder beetle!!
The boulder beetle is heavily wounded.
The boulder beetle bites you!
* * * LOW HITPOINT WARNING * * *
You hit the boulder beetle but do no damage.
The boulder beetle is heavily wounded.
The orc warrior hits you but does no damage.
The boulder beetle misses you.
You hit the boulder beetle but do no damage.
The boulder beetle is heavily wounded.
The orc warrior barely misses you.
The orc priest calls down the wrath of Beogh upon you.
Beogh smites you!
* * * LOW HITPOINT WARNING * * *
The boulder beetle bites you.
* * * LOW HITPOINT WARNING * * *
You open the boulder beetle like a pillowcase!!!
You kill the boulder beetle!
Okawaru accepts your kill.
The orc warrior hits you from afar with a +0 trident.
You die...

## ####### .# #.....# # .##
#####...^.# ##### # ^.#
#.........# #...# # #.#
#......#### #...#### #.# #......#
#..°...#
#.#######......############.###.#
#...............@.oo.oo....># #.#
#########......############.# #.o
# #......# #.# ### # #......#
##.##### # #......# ....°B○° #
#......# ........ # #......#
........ # #......# ........ #
#......# ........


You could see an orc warrior, 2 orc priests and an orc.

Vanquished Creatures
  An orc warlord (Bailey)
  2 two-headed ogres
  A boulder beetle (D:11)
  Maggie (D:7)
  A troll (D:9)
  12 yaks
  A shadow (D:9)
  A wraith (D:9)
  3 wyverns
  A steam dragon (D:10)
  An acid dragon (D:9)
  A water moccasin (D:7)
  2 ice beasts
  9 orc warriors
  3 black bears
  A sky beast (D:8)
  2 ogres
  A centaur (D:8)
  A phantom (D:6)
  4 kobold brigands
  A gnoll sergeant (D:9)
  3 bullfrogs
  4 scorpions
  4 wights
  A killer bee (D:9)
  A troll skeleton (D:9)
  6 spriggan skeletons (D:9)
  A howler monkey (D:8)
  Crazy Yiuf (D:5)
  2 jellies (D:6)
  10 orc priests
  5 hounds
  A sleepcap (D:6)
  A gnoll bouda (D:5)
  4 iguanas
  8 orc wizards
  12 gnolls
  5 adders
  2 white imps
  8 worms
  4 dart slugs
  49 orcs
  5 endoplasms
  9 goblins
  11 hobgoblins
  A quokka (D:5)
  5 ball pythons
  5 bats
  3 frilled lizards
  32 kobolds
  5 rats
258 creatures vanquished.

Vanquished Creatures (others)
  4 plants (D:4)
  3 toadstools (D:4)
7 creatures vanquished.

Grand Total: 265 creatures vanquished

Notes
Turn   | Place    | Note
-------+----------+-------------------------------------------
     0 | D:1      | Gynju the Hill Orc Fighter began the quest for the Orb.
     0 | D:1      | Reached XP level 1. HP: 19/19 MP: 1/1
   122 | D:1      | Reached skill level 3 in Axes
   238 | D:1      | Reached XP level 2. HP: 18/26 MP: 2/2
   326 | D:1      | Reached skill level 4 in Axes
   558 | D:1      | Reached XP level 3. HP: 31/31 MP: 3/3
   714 | D:2      | Reached skill level 5 in Axes
   714 | D:2      | Reached XP level 4. HP: 33/39 MP: 4/4
   985 | D:2      | Reached skill level 6 in Axes
  1390 | D:3      | Reached XP level 5. HP: 33/45 MP: 5/5
  1467 | D:3      | Found a stormy altar of Qazlal.
  2098 | D:4      | Reached skill level 7 in Axes
  2139 | D:4      | Found a snail-covered altar of Cheibriados.
  2250 | D:4      | Found a blossoming altar of Fedhas.
  2273 | D:4      | Noticed a black bear
  2279 | D:4      | Killed a black bear
  2280 | D:4      | Reached skill level 8 in Axes
  2280 | D:4      | Reached XP level 6. HP: 44/51 MP: 6/6
  2363 | D:4      | Identified the +3 ring mail of Ejeu {Fly}
  2459 | D:4      | Found an ornate altar of the Wu Jian Council.
  2471 | D:4      | Reached skill level 9 in Axes
  2702 | D:4      | Found a broken altar of Ashenzari.
  2945 | D:5      | Entered Level 5 of the Dungeon
  2974 | D:5      | Reached XP level 7. HP: 45/57 MP: 7/7
  3081 | D:5      | Reached skill level 10 in Axes
  3163 | D:5      | Found a sacrificial altar of Ru.
  3314 | D:5      | Reached skill level 11 in Axes
  3450 | D:5      | Found a staircase to the Ecumenical Temple.
  3462 | Temple   | Entered the Ecumenical Temple
  3470 | Temple   | Became a worshipper of Warmaster Okawaru
  3719 | D:5      | Reached XP level 8. HP: 62/64 MP: 8/8
  3868 | D:5      | Found a runed translucent door.
  3869 | D:5      | Noticed Crazy Yiuf
  4194 | D:5      | Killed Crazy Yiuf
  4195 | D:5      | Reached skill level 12 in Axes
  4479 | D:6      | Reached * piety under Okawaru
  4480 | D:6      | Reached skill level 13 in Axes
  4992 | D:6      | Reached skill level 14 in Axes
  5084 | D:6      | Noticed tish's ghost (novice OpTm)
  5087 | D:6      | Found a runed translucent door.
  5218 | D:7      | Reached XP level 9. HP: 59/70 MP: 9/9
  5474 | D:7      | Reached ** piety under Okawaru
  5510 | D:6      | Reached skill level 15 in Axes
  5830 | D:6      | Reached skill level 16 in Axes
  6257 | D:7      | Reached *** piety under Okawaru
  6358 | D:7      | Noticed Maggie
  6376 | D:7      | Killed Maggie
  6377 | D:7      | Reached skill level 5 in Fighting
  6568 | D:7      | Reached XP level 10. HP: 29/81 MP: 10/10
  7042 | D:8      | Reached skill level 5 in Armour
  7042 | D:8      | Reached skill level 5 in Shields
  7386 | D:8      | Found a glowing golden altar of the Shining One.
  7388 | D:8      | Found a hazy altar of Hepliaklqana.
  7410 | D:8      | Found a hide-covered altar of Uskayaw.
  7418 | D:8      | Found a shimmering altar of Xom.
  7421 | D:8      | Found a shimmering blue altar of Sif Muna.
  7452 | D:8      | Found an ancient bone altar of Kikubaaqudgha.
  7931 | D:9      | Found a flagged portal.
  7965 | Bailey   | Entered a bailey
  7970 | Bailey   | Noticed an orc warlord
  8091 | Bailey   | Found a runed translucent gate.
  8091 | Bailey   | Found a runed translucent gate.
  8091 | Bailey   | Found a runed translucent gate.
  8277 | Bailey   | Killed an orc warlord
  8277 | Bailey   | Reached **** piety under Okawaru
  8430 | Bailey   | Reached skill level 17 in Axes
  8430 | Bailey   | Reached XP level 11. HP: 95/95 MP: 11/11
  8573 | D:9      | Received a gift from Okawaru
  8963 | D:9      | Identified the +3 flail of the Immovable Invaders {spect,
                  | Int+3}
  9232 | D:9      | Found a shadowy altar of Dithmenos.
  9239 | D:9      | Identified the +1 pair of gloves of the Stone Wall {rF+}
  9446 | D:10     | Entered Level 10 of the Dungeon
  9518 | D:10     | Noticed a two-headed ogre
  9526 | D:10     | Killed a two-headed ogre
  9527 | D:10     | Reached skill level 18 in Axes
  9527 | D:10     | Reached skill level 1 in Dodging
  9966 | D:10     | Reached XP level 12. HP: 90/104 MP: 12/12
 10350 | D:10     | Found a glowing silver altar of Zin.
 10400 | D:10     | Found a staircase to the Orcish Mines.
 10583 | D:10     | Found an opulent altar of Gozag.
 10691 | D:10     | Found a bloodstained altar of Trog.
 10814 | D:11     | Identified the +7 dagger of the Real Monster {protect,
                  | *Noise +Blink rPois rF+}
 10896 | D:11     | Noticed a two-headed ogre
 10904 | D:11     | Killed a two-headed ogre
 10905 | D:11     | Found a staircase to the Lair.
 10911 | D:11     | Noticed a sun demon
 10923 | D:11     | Noticed a boulder beetle
 10949 | D:11     | HP: 3/105 [boulder beetle (3)]
 10950 | D:11     | Killed a boulder beetle
 10950 | D:11     | Slain by an orc warrior

Illustrated notes

Levels and vault maps discovered:
D:1:      spicycebolla_green_bress_n_ham, layout_loops_ring,
          chequers_serial_rivers_small_a, minmay_tripent
D:2:      layout_basic, minmay_crystal_water
D:3:      layout_loops_ring, nicolae_qazlal_scattered_showers, kennysheep_nub
D:4:      layout_loops_ring, mainiacjoe_overflow_boulevard, fedhas_altar_1,
          kennysheep_mini_moat, kennysheep_slug_shrine,
          minmay_gold_behind_fungi, nicolae_wormholes
D:5:      layout_loops_ring, lemuel_tele_altar, minmay_temple_entry_offerings,
          uniq_crazy_yiuf_cottage
D:6:      layout_rooms, hellmonk_ghost_happy_afterlife, kennysheep_cross_room
D:7:      layout_loops_corners, hangedman_decor_points, uniq_maggie
D:8:      layout_loops_cross, nicolae_overflow_crystal_walls,
          minmay_overflow_temple_star_hex
D:9:      minmay_spotlight, layout_basic, grunt_dithmenos_shadows,
          enter_bailey_5, solitary_fountain, hangedman_tell_no_tales
D:10:     layout_loops_corners, pdpol_temple_overflow_zin_treasury_gozag_greed,
          trog_butcher_becter, erik_orc_2
D:11:     layout_basic, erik_lair_orcish_takeover, kennysheep_just_a_vault
Temple:   nicolae_temple_two_arcs

Skill      XL: |  1  2  3  4  5  6  7  8  9 10 11 12 |
---------------+-------------------------------------+-----
Axes           | 3 4 5 6 8 9 11 14 16 17 18 | 18.4
Fighting       | 5 8 9 |  9.6
Shields        | 4 8 |  8.8
Armour         | 4 8 |  8.8
Dodging        | 1 2 |  2.0

Action                     |  1- 3 |  4- 6 |  7- 9 | 10-12 || total
---------------------------+-------+-------+-------+-------++-------
  Melee: War axe           |    81 |   166 |   247 |   120 ||   614
         Executioner's axe |       |       |       |   163 ||   163
  Throw: Throwing net      |       |       |       |     1 ||     1
 Invoke: Heroism           |       |       |     1 |     2 ||     3
    Use: Potion            |       |     1 |       |     3 ||     4
         Scroll            |       |       |    13 |     5 ||    18
 Armour: Scale mail        |    18 |       |       |       ||    18
         Chain mail        |     8 |       |       |       ||     8
         Plate armour      |     7 |    91 |       |       ||    98
         Ring mail         |       |       |    83 |   120 ||   203
  Dodge: Dodged            |    25 |    40 |    95 |   103 ||   263
  Block: Buckler           |    20 |    30 |    44 |    21 ||   115

Table legend: (Time is in decaauts)
 A = Elapsed time spent in this place.
 B = Non-inter-level travel time spent in this place.
 C = Inter-level travel time spent in this place.
 D = Time resting spent in this place.
 E = Time spent auto-exploring this place.
 F = Levels seen in this place.
 G = Mean time per level.
                   A        B        C        D        E       F      G
               +--------+--------+--------+--------+--------+-----+--------+
         Total |  10963 |  10381 |    582 |    342 |   8000 |  13 |  843.3 |
       Dungeon |  10444 |   9862 |    582 |    295 |   7782 |  11 |  949.5 |
        Temple |     64 |     64 |      0 |      0 |      0 |   1 |   64.0 |
        Bailey |    454 |    454 |      0 |     47 |    218 |   1 |  454.0 |
               +--------+--------+--------+--------+--------+-----+--------+

Top non-repeatable levels by time:
     D:7: 1707 daAuts
     D:5: 1525 daAuts
    D:10: 1339 daAuts
     D:9: 1133 daAuts
     D:4: 871 daAuts
     D:8: 817 daAuts
     D:3: 804 daAuts
     D:6: 761 daAuts
     D:1: 729 daAuts
     D:2: 601 daAuts
  Bailey: 454 daAuts
    D:11: 151 daAuts
  Temple: 64 daAuts
